 Dungeon Crawl Stone Soup version 0.20-a0-957-g47ad1fd (webtiles) character file.

596 Hybris the Caller (level 7, -8/48 HPs)
             Began as a Mummy Summoner on Apr 5, 2017.
             Was an Initiate of Yredelemnul.
             Mangled by a hornet zombie (11 damage)
             ... on level 5 of the Dungeon.
             The game lasted 00:15:01 (4635 turns).

Hybris the Caller (Mummy Summoner)                  Turns: 4635, Time: 00:15:02

Health: -8/48      AC:  6    Str: 12    XL:     7   Next: 17%
Magic:  8/11       EV: 12    Int: 16    God:    Yredelemnul [......]
Gold:   146        SH:  0    Dex: 12    Spells: 2/11 levels left

rFire    x . .     SeeInvis .   q - +2 short sword (flame)
rCold    + . .     Gourm    .   (no shield)
rNeg     + + +     Faith    .   k - +0 animal skin
rPois    ∞         Spirit   .   j - +1 hat
rElec    .         Reflect  .   o - +0 cloak
rCorr    .         Harm     .   n - +0 pair of gloves (curse)
MR       .....                  c - +0 pair of boots
Stlth    ++........             (no amulet)
Regen    0.2/turn               (no ring)
MPRegen  0.2/turn               (no ring)

@: no status effects
A: no food or potions, fire vulnerability, cold resistance 1, negative energy
resistance 3, torment resistance, unbreathing
a: Renounce Religion


You were on level 5 of the Dungeon.
You worshipped Yredelemnul.
Yredelemnul was noncommittal.
You were not hungry.

You visited 1 branch of the dungeon, and saw 5 of its levels.

You collected 146 gold pieces.

Inventory:

Hand Weapons
 f - a +1 dagger of electrocution
 l - a +1 vampiric short sword
 q - a +2 short sword of flaming (weapon)
 r - a +2 dagger of venom
Armour
 c - a +0 pair of boots (worn)
 j - a +1 hat (worn)
 k - a +0 animal skin (worn)
 m - a +1 leather armour of cold resistance
 n - a cursed +0 pair of gloves (worn)
 o - a +0 cloak (worn)
Jewellery
 p - an uncursed ring of ice {unknown}
Scrolls
 a - a scroll of noise {unknown}
 d - 3 scrolls of fog
 e - 3 scrolls of remove curse {unknown}
 g - a scroll of magic mapping {unknown}
 h - 3 scrolls of recharging {unknown}
 i - 3 scrolls of identify {unknown}
Books
 b - a book of Callings

   Spells                             Type                      Level
   a - Summon Small Mammal            Summoning                    1
   b - Call Imp                       Summoning                    2
   c - Call Canine Familiar           Summoning                    3
   d - Summon Guardian Golem          Hexes/Summoning              3
   e - Summon Lightning Spire         Summoning/Air                4
   f - Summon Ice Beast               Ice/Summoning                4


   Skills:
 - Level 1.2 Fighting
 * Level 3.9 Short Blades
 - Level 1.5 Dodging
 - Level 1.5 Stealth
 - Level 2.6 Spellcasting
 * Level 5.8 Summonings


You had 2 spell levels left.
You knew the following spells:

 Your Spells              Type           Power        Failure   Level  Hunger
a - Summon Small Mammal   Summ           ###.         1%          1    N/A
b - Call Imp              Summ           ###.....     3%          2    N/A
c - Call Canine Familiar  Summ           ###.....     8%          3    N/A
d - Summon Guardian Gole  Hex/Summ       ##......     17%         3    N/A

Dungeon Overview and Level Annotations

Branches:
Dungeon (5/15)
 Temple: D:4-7

Altars:
Fedhas
Gozag
Kikubaaqudgha
Qazlal
Ru
Yredelemnul


Innate Abilities, Weirdness & Mutations

You do not eat or drink.
Your flesh is vulnerable to fire.
You are immune to poison.
Your flesh is cold resistant. (rC+)
You are immune to negative energy. (rN+++)
You are immune to unholy pain and torment.
You can survive without breathing.


Message History

The hornet zombie is heavily damaged.
The hornet zombie hits you! x2
* * * LOW HITPOINT WARNING * * *
You are too injured to fight recklessly!
You are too injured to fight recklessly!
Casting: Call Canine Familiar
Confirm with . or Enter, or press ? or * to list all spells.
The hornet zombie hits you.
* * * LOW HITPOINT WARNING * * *
You puncture the hornet zombie! You burn the hornet zombie.
The hornet zombie is severely damaged.
The hornet zombie barely misses you.
Your hound closely misses the hornet zombie.
You can't drink.
You closely miss the hornet zombie.
The hornet zombie is severely damaged.
Your hound closely misses the hornet zombie.
The hornet zombie hits you!
You die...
Yredelemnul claims you as an undead slave.

#.#
#.#.....
#.#
#.####..
#.#
#....<..
#.###
########
#.#..
.......
#.#.#
#######
#.#h#
#.#Z#
#.@.#
#####


You could see a hornet zombie and a friendly hound.

Vanquished Creatures
  Eustachio (D:4)
  An iguana (D:4)
  A worker ant (D:4)
  A worker ant zombie (D:5)
  Robin (D:2)
  4 adders
  An ooze (D:3)
  An adder zombie (D:5)
  5 leopard geckos
  6 bats
  3 giant cockroaches
  7 goblins (D:2)
  10 hobgoblins
  4 jackals
  2 kobolds
  A quokka (D:4)
  A ball python (D:1)
  3 frilled lizards
  7 rats
  A spectral orc (D:3)
61 creatures vanquished.

Vanquished Creatures (collateral kills)
  Grinder (D:4)
  Menkaure (D:4)
  An ogre (D:4)
  An adder (D:2)
  A leopard gecko (D:1)
  4 orcs (D:4)
  A giant cockroach (D:1)
  11 goblins
  6 hobgoblins
  A kobold (D:2)
  2 frilled lizards
  A rat (D:1)
31 creatures vanquished.

Vanquished Creatures (others)
  A jackal (D:2)
1 creature vanquished.

Grand Total: 93 creatures vanquished

Notes
Turn   | Place    | Note
-------+----------+-------------------------------------------
     0 | D:1      | Hybris the Mummy Summoner began the quest for the Orb.
     0 | D:1      | Reached XP level 1. HP: 13/13 MP: 4/4
   196 | D:1      | Reached skill level 1 in Fighting
   372 | D:1      | Reached XP level 2. HP: 17/21 MP: 3/5
   808 | D:1      | Learned a level 2 spell: Call Imp
  1304 | D:2      | Reached XP level 3. HP: 23/26 MP: 7/7
  1444 | D:2      | Found a faded altar of an unknown god.
  1458 | D:2      | Found an ancient bone altar of Kikubaaqudgha.
  1516 | D:2      | Reached skill level 1 in Short Blades
  1835 | D:2      | Found a blossoming altar of Fedhas.
  1888 | D:2      | Reached skill level 4 in Summonings
  1900 | D:2      | Learned a level 3 spell: Call Canine Familiar
  1915 | D:2      | Found a sacrificial altar of Ru.
  2027 | D:2      | Reached XP level 4. HP: 27/32 MP: 0/8
  2388 | D:2      | Noticed Robin
  2453 | D:2      | Killed Robin
  3053 | D:3      | Found a basalt altar of Yredelemnul.
  3060 | D:3      | Became a worshipper of Yredelemnul the Dark
  3195 | D:4      | Reached XP level 5. HP: 37/37 MP: 9/9
  3199 | D:4      | Noticed Grinder
  3202 | D:4      | Noticed Menkaure
  3404 | D:4      | Learned a level 3 spell: Summon Guardian Golem
  3419 | D:4      | Killed Menkaure
  3448 | D:4      | Killed Grinder
  3448 | D:4      | Reached skill level 5 in Summonings
  3448 | D:4      | Reached XP level 6. HP: 33/43 MP: 0/10
  3542 | D:4      | Found a stormy altar of Qazlal.
  3574 | D:4      | Noticed Eustachio
  3643 | D:4      | Killed Eustachio
  3643 | D:4      | Reached XP level 7. HP: 27/48 MP: 4/11
  4360 | D:5      | Entered Level 5 of the Dungeon
  4480 | D:5      | Found an opulent altar of Gozag.
  4632 | D:5      | HP: 2/48 [hornet zombie (3)]
  4635 | D:5      | Mangled by a hornet zombie

Vault maps used:
D:1:      minmay_arrival_pointy
D:2:      kennysheep_goblin_castle, marbit_many_paths, fedhas_altar_fruit_tree,
          lemuel_doored_altar, chequers_ecumenical_altar_simple
D:3:      yredelemnul_forgotten_temple_becter
D:4:      nicolae_overflow_crystal_walls, first_bread, uniq_menkaure,
          uniq_grinder, uniq_eustachio
D:5:      grunt_gozag_breadcrumbs

Skill      XL: |  1  2  3  4  5 |
---------------+----------------+-----
Fighting       | 1 |  1.2
Short Blades   | 1 3 |  3.9
Summonings     | 4 5 |  5.8
Dodging        | |  1.5
Stealth        | |  1.5
Spellcasting   | |  2.6

Action                   |  1- 3 |  4- 6 |  7- 9 || total
-------------------------+-------+-------+-------++-------
Melee: Dagger            |    85 |   103 |       ||   188
       Unarmed           |     4 |       |       ||     4
       Short sword       |       |       |    34 ||    34
 Cast: Summon Small Mamm |    19 |     7 |       ||    26
       Call Imp          |     5 |     8 |       ||    13
       Call Canine Famil |     2 |     6 |     3 ||    11
       Summon Guardian G |       |     1 |       ||     1
  Use: Scroll            |       |     1 |       ||     1
 Stab: Sleeping          |     4 |     2 |       ||     6
Armor: Robe              |    27 |     5 |       ||    32
       Leather armour    |       |    14 |       ||    14
       Animal skin       |       |    17 |    11 ||    28
Dodge: Dodged            |    68 |    78 |    22 ||   168
